 Dungeon Crawl Stone Soup version 0.29.1-2-gbd0b4ee654 (webtiles) character file.

Game seed: 4294194003600370511

8821 Earthwalker the Protected (level 11, -19/102 HPs)
             Began as a Minotaur Fighter on Oct 24, 2022.
             Was a High Priest of Okawaru.
             Demolished by a white ugly thing (28 damage)
             ... on level 11 of the Dungeon.
             The game lasted 00:28:09 (13190 turns).

Earthwalker the Protected (Minotaur Fighter)       Turns: 13190, Time: 00:28:09

Health: -19/102    AC: 18    Str: 25    XL:     11   Next: 14%
Magic:  10/10      EV:  7    Int:  5    God:    Okawaru [*****.]
Gold:   831        SH:  6    Dex: 10    Spells: 10/10 levels left

rFire   . . .      SeeInvis +   a - +0 war axe
rCold   . . .      Faith    .   c - +0 buckler
rNeg    . . .      Spirit   .   j - +0 plate armour
rPois   +          Reflect  .   (helmet restricted)
rElec   .          Harm     .   (no cloak)
rCorr   .          Rampage  .   z - +2 pair of gloves
Will    .....                   (no boots)
Stlth   ..........              D - amulet of the acrobat
HPRegen 0.27/turn               S - ring of see invisible
MPRegen 0.12/turn               p - ring of poison resistance

@: no status effects
A: horns 2, retaliatory headbutt
a: Renounce Religion, Heroism, Finesse, Duel


You were on level 11 of the Dungeon.
You worshipped Okawaru.
Okawaru was extremely pleased with you.
You visited 2 branches of the dungeon, and saw 12 of its levels.

You collected 831 gold pieces.

Inventory:

Hand Weapons
 a - a +0 war axe (weapon)
Missiles
 t - 33 poisoned darts (quivered)
 v - a curare-tipped dart
 A - 3 atropa-tipped darts
 I - a throwing net
 L - 3 boomerangs
Armour
 b - a +0 scale mail
 c - a +0 buckler (worn)
 j - a +0 plate armour (worn)
 z - a +2 pair of gloves (worn)
 K - +0 ice dragon scales
Jewellery
 k - a +6 ring of intelligence
 p - a ring of poison resistance (right hand)
 u - the ring of Ibam {Ice Str+2 Int+7 Slay-6}
   (You found it on level 3 of the Dungeon)

   [ring of ice]

   It enhances your ice magic.
   Str:       It affects your strength (+2).
   Int:       It affects your intelligence (+7).
   Slay:      It affects your accuracy & damage with ranged weapons and melee
   (-6).
   rF:        It makes you vulnerable to fire.
   rC:        It protects you from cold.
 D - an amulet of the acrobat (around neck)
 G - a ring of resist corrosion
 M - a ring of flight
 Q - a +6 ring of dexterity
 S - a ring of see invisible (left hand)
Wands
 E - a wand of mindburst (3)
 O - a wand of acid (12)
 P - a wand of polymorph (7)
Scrolls
 h - 2 scrolls of noise
 i - 4 scrolls of teleportation
 l - 3 scrolls of magic mapping
 m - 2 scrolls of poison
 n - 2 scrolls of vulnerability
 y - 3 scrolls of enchant weapon
 B - a scroll of summoning
 C - a scroll of immolation
 H - a scroll of fear {unknown}
 J - a scroll of blinking {unknown}
 N - 2 scrolls of enchant armour
 R - a scroll of fog {unknown}
 U - a scroll of brand weapon {unknown}
Potions
 d - 7 potions of might
 e - 6 potions of curing
 f - 3 potions of heal wounds {unknown}
 g - a potion of haste {unknown}
 o - 2 potions of attraction {unknown}
 q - 3 potions of degeneration {unknown}
 r - 3 potions of brilliance {unknown}
 s - 2 potions of lignification {unknown}
 w - a potion of flight {unknown}
 x - a potion of ambrosia


   Skills:
 + Level 11.1 Fighting
 + Level 10.7 Axes
 + Level 11.1 Armour
 + Level 11.0 Shields


You had 10 spell levels left.
You didn't know any spells.
Your spell library contained the following spells:

 Spells                   Type           Power      Damage    Failure   Level
 Ensorcelled Hibernation  Hex/Ice        0%         N/A       100%        2
 Passwall                 Tmut/Erth      0%         N/A       100%        2
 Dazzling Flash           Conj/Hex       0%         N/A       100%        3
 Swiftness                Air            0%         N/A       100%        3
 Iskenderun's Mystic Bla  Conj/Tloc      0%         2d3       100%        4
 Passage of Golubria      Tloc           0%         N/A       100%        4
 Alistair's Intoxication  Tmut/Pois      0%         N/A       100%        5
 Borgnjor's Vile Clutch   Necr/Erth      0%         N/A       100%        5
 Silence                  Hex/Air        0%         N/A       100%        5
 Eringya's Noxious Bog    Tmut/Pois      0%         N/A       100%        6
 Starburst                Conj/Fire      0%         6d3       100%        6
 Lehudib's Crystal Spear  Conj/Erth      0%         10d2      100%        8


Dungeon Overview and Level Annotations

Branches:
Dungeon (11/15)            Temple (1/1) D:5            Lair (0/5) D:8
    Orc (0/2) D:11

Altars:
Ashenzari
Cheibriados
Dithmenos
Elyvilon
Fedhas
Gozag
Hepliaklqana
Kikubaaqudgha
Makhleb
Nemelex Xobeh
Okawaru
Qazlal
Ru
Sif Muna
Trog
Uskayaw
Vehumet
Wu Jian
Xom
Yredelemnul
Zin
The Shining One

Shops:
D:2 *   D:5 *   D:9 [   D:10 (   D:11 [

Annotations:
D:2 1 runed translucent door, Crazy Yiuf
D:11 TowerOfEmptiness's ghost, journeyman MiFi


Innate Abilities, Weirdness & Mutations

You have a pair of horns on your head.
You reflexively headbutt those who attack you in melee.


Message History

Gastronok is almost dead.
You barely miss the river rat.
The river rat bites you but does no damage.
You hit Gastronok.
Gastronok is almost dead.
You slash the river rat!
You kill the river rat!
The river rat's corpse disappears in a puff of smoke!
Gastronok casts a spell.
You slice Gastronok!!
You kill Gastronok!
Okawaru is honoured by your kill.
The rat disappears in a puff of smoke!
The river rat disappears in a puff of smoke!
The quokka disappears in a puff of smoke!
You hit the white ugly thing but do no damage.
You block the white ugly thing's attack.
Your Fighting skill increases to level 11!
Your Armour skill increases to level 11!
Your Shields skill increases to level 11!
You hit the white ugly thing.
The white ugly thing is lightly wounded.
You feel yourself speed up.
The white ugly thing closely misses you.
You furiously retaliate!
You headbutt the white ugly thing.
You completely miss the white ugly thing.
Your headbutt misses the white ugly thing.
The white ugly thing is lightly wounded.
The white ugly thing trunk-slaps you but does no damage.
You slash the white ugly thing!
Your headbutt misses the white ugly thing.
The white ugly thing is moderately wounded.
The white ugly thing trunk-slaps you. The white ugly thing freezes you!!
* * * LOW HITPOINT WARNING * * *
You closely miss the white ugly thing. You headbutt the white ugly thing.
The white ugly thing is moderately wounded.
The white ugly thing trunk-slaps you.
* * * LOW HITPOINT WARNING * * *
The white ugly thing freezes you!!
You die...

#.##y!.# .# #.# .#.# !#
#.##yy.# ..# # #.###y#
#.# #.# #..####### #..#
##..###.###..#
##.........#
##############......##
..........([@.).....#
...........u####....####
.......((#### #........
......(..# #.......#
.$.......# #.......#
.........# #.#####.#
.........# #.# .#
.........# #.# #
$........# ####.#


You could see a white ugly thing.

Vanquished Creatures
  Gastronok (D:11)
  An ugly thing (D:10)
  Maurice (D:10)
  An unseen horror (D:11)
  3 hornets
  2 trolls
  2 wyverns
  A wraith (D:7)
  6 yaks
  A steam dragon (D:6)
  4 acid dragons
  A water moccasin (D:7)
  2 orc warriors
  A sky beast (D:6)
  A black bear (D:7)
  An ice beast (D:6)
  3 centaurs
  2 phantoms (D:5)
  Blork the orc (D:4)
  4 kobold brigands
  8 bullfrogs
  4 necrophages
  A gnoll sergeant (D:6)
  2 scorpions (D:7)
  8 wights
  6 killer bees (D:9)
  An electric eel (D:10)
  3 gnoll boudas
  7 hounds
  An orc priest (D:7)
  3 iguanas
  5 orc wizards
  A hound skeleton (D:4)
  Robin (D:2)
  21 gnolls
  7 adders
  A shadow imp (D:8)
  3 white imps
  3 ufetubi
  A dart slug (D:1)
  23 orcs
  2 bats
  3 endoplasms
  3 giant cockroaches (D:4)
  11 goblins
  8 hobgoblins
  6 jackals
  2 quokkas
  5 ball pythons
  A frilled lizard (D:2)
  29 kobolds
  2 rats (D:1)
221 creatures vanquished.

Vanquished Creatures (others)
  A hound (D:6)
  12 fungi (D:8)
  17 plants
30 creatures vanquished.

Grand Total: 251 creatures vanquished

Notes
Turn   | Place    | Note
-------+----------+-------------------------------------------
     0 | D:1      | Earthwalker the Minotaur Fighter began the quest for the
                  | Orb.
     0 | D:1      | Reached XP level 1. HP: 19/19 MP: 0/0
   498 | D:1      | Reached XP level 2. HP: 27/27 MP: 1/1
   618 | D:1      | Found a faded altar of an unknown god.
   820 | D:2      | Found Paatroq's General Store.
   969 | D:2      | Reached XP level 3. HP: 27/33 MP: 2/2
  1488 | D:2      | Noticed Robin
  1496 | D:2      | Killed Robin
  1601 | D:2      | Found a runed translucent door.
  1602 | D:2      | Noticed Crazy Yiuf
  1890 | D:3      | Reached XP level 4. HP: 41/41 MP: 3/3
  2053 | D:3      | Identified the ring of Ibam {Ice Str+2 Int+7 Slay-6}
  2134 | D:3      | Found an ornate altar of the Wu Jian Council.
  2450 | D:4      | Found a burning altar of Makhleb.
  2451 | D:4      | Noticed a necrophage
  2455 | D:4      | Killed a necrophage
  2456 | D:4      | Reached XP level 5. HP: 47/47 MP: 4/4
  2568 | D:4      | Reached skill level 5 in Fighting
  2568 | D:4      | Reached skill level 5 in Armour
  2568 | D:4      | Reached skill level 5 in Shields
  2983 | D:4      | Noticed Blork the orc
  2992 | D:4      | Killed Blork the orc
  2993 | D:4      | Reached XP level 6. HP: 34/56 MP: 5/5
  3646 | D:5      | Entered Level 5 of the Dungeon
  3715 | D:5      | Found Kiuxag's Assorted Antiques.
  3802 | D:5      | Reached XP level 7. HP: 61/62 MP: 6/6
  3832 | D:5      | Reached skill level 5 in Axes
  4619 | D:5      | Found a staircase to the Ecumenical Temple.
  4635 | Temple   | Entered the Ecumenical Temple
  4704 | Temple   | Became a worshipper of Warmaster Okawaru
  5036 | D:6      | Noticed a steam dragon
  5046 | D:6      | Killed a steam dragon
  5047 | D:6      | Reached XP level 8. HP: 52/71 MP: 7/7
  5222 | D:6      | Reached * piety under Okawaru
  5309 | D:6      | HP: 2/73 [gnoll sergeant/+2 vampiric trident (5)]
  5431 | D:7      | Noticed a hornet
  5439 | D:7      | Killed a hornet
  6184 | D:6      | Reached XP level 9. HP: 66/81 MP: 8/8
  6186 | D:6      | Reached ** piety under Okawaru
  7276 | D:7      | Identified the +3 dagger of Integrity {spect, rPois rF+
                  | Str+4 Dex+6}
  8470 | D:7      | Reached *** piety under Okawaru
  8707 | D:8      | Reached XP level 10. HP: 88/91 MP: 9/9
  8771 | D:8      | Found a staircase to the Lair.
  9070 | D:8      | Found an opulent altar of Gozag.
  9199 | D:9      | Identified the +3 spear "Terchulab" {flame, rF+ Str+3}
  9414 | D:9      | Reached **** piety under Okawaru
  9759 | D:9      | Reached skill level 10 in Fighting
  9759 | D:9      | Reached skill level 10 in Armour
  9883 | D:9      | Reached skill level 10 in Shields
 10722 | D:9      | Found a shimmering blue altar of Sif Muna.
 10725 | D:9      | Found a sacrificial altar of Ru.
 10732 | D:9      | Found a shimmering altar of Xom.
 10734 | D:9      | Found a shadowy altar of Dithmenos.
 10811 | D:9      | Found Jytzabli's Antique Armour Boutique.
 11191 | D:10     | Entered Level 10 of the Dungeon
 11191 | D:10     | Noticed Maurice
 11427 | D:10     | Killed Maurice
 11658 | D:10     | Reached skill level 10 in Axes
 11734 | D:10     | Paralysed by a hornet for 1 turns
 12103 | D:10     | Noticed a green ugly thing
 12114 | D:10     | Killed a green ugly thing
 12114 | D:10     | Reached ***** piety under Okawaru
 12213 | D:10     | Found Gulakel's Weapon Shop.
 12592 | D:11     | Found a shadowy altar of Dithmenos.
 12636 | D:11     | Found Jerag's Armour Boutique.
 12636 | D:11     | Found a staircase to the Orcish Mines.
 12788 | D:11     | Noticed TowerOfEmptiness's ghost (journeyman MiFi)
 12798 | D:11     | Reached XP level 11. HP: 16/101 MP: 10/10
 13155 | D:11     | Noticed Gastronok
 13180 | D:11     | Noticed a white ugly thing
 13186 | D:11     | Killed Gastronok
 13190 | D:11     | Demolished by a white ugly thing

Illustrated notes

Levels and vault maps discovered:
D:1:      minmay_arrival_up_and_down, layout_basic,
          hellmonk_ecumenical_altar_inner_sanctum, serial_bayou,
          serial_bayou_lagoon_b, serial_bayou_ford_a, serial_bayou_shore_b,
          serial_bayou_shore_a
D:2:      layout_loops_ring, serial_shops, nicolae_shop_hallway_stairs,
          uniq_robin, uniq_crazy_yiuf_cottage
D:3:      layout_basic, nicolae_wu_jian_immortal_techniques,
          kennysheep_generic_room_16
D:4:      layout_basic, makhleb_blood_cavern_becter, st_stairs_2,
          uniq_blork_the_orc
D:5:      layout_basic, minmay_temple_entry_butterflies, serial_shops, shop
D:6:      layout_loops_ring
D:7:      layout_basic
D:8:      layout_rooms, mainiacjoe_overflow_alcove_2,
          grunt_lair_entry_orc_guard_hut
D:9:      layout_irregular_city, minitemple, serial_shops, nicolae_square_shop,
          serial_column_ruins, column_ruins_columns_corner, column_ruins_grid_3,
          column_ruins_columns_corner, column_ruins_open_tiny
D:10:     layout_loops_ring, serial_bayou, serial_bayou_pond_d,
          serial_bayou_pond_a, serial_bayou_pond_c, serial_bayou_pond_a,
          serial_shops, shop, fountainhead, uniq_maurice
D:11:     layout_irregular_city, orc_david_3, gammafunk_ghost_hive,
          nicolae_dithmenos_through_a_glass_darkly, uniq_gastronok
Temple:   regret_index_temple_waves

Skill      XL: |  1  2  3  4  5  6  7  8  9 10 11 |
---------------+----------------------------------+-----
Shields        | 4 5 6 7 9 10 11 | 11.0
Fighting       | 4 5 6 8 9 10 11 | 11.1
Axes           | 3 4 6 7 9 10 | 10.7
Armour         | 4 5 6 8 9 10 11 | 11.1

Action                   |  1- 3 |  4- 6 |  7- 9 | 10-12 || total
-------------------------+-------+-------+-------+-------++-------
Melee: War axe           |    65 |    70 |   339 |   258 ||   732
       Headbutt          |     8 |    13 |    54 |    44 ||   119
Throw: Dart              |       |       |    43 |    43 ||    86
Invok: Heroism           |       |       |       |     1 ||     1
  Use: Scroll            |       |       |       |    11 ||    11
       Potion            |       |       |       |     1 ||     1
Armor: Scale mail        |    13 |       |       |       ||    13
       Plate armour      |    26 |    64 |   238 |   173 ||   501
Dodge: Dodged            |    28 |    17 |   146 |   125 ||   316
Block: Buckler           |    18 |    15 |   109 |    84 ||   226
